[Event "Titled Tuesday Blitz July 18 Early 2023"]
[White "lgabi"]
[Black "Li, Hui"]
[BlackFideId "15400310"]
[WhiteElo "2336"]
[BlackElo "2386"]
[Result "1-0"]
[Round "9"]
[TimeControl "180+2"]
[Date "2023.07.18"]
[WhiteClock "0:00:06"]
[BlackClock "0:00:03"]
[Board "72"]

1. e4 e5 2. Nf3 Nf6 3. Nxe5 d6 4. Nf3 Nxe4 5. d4 d5 6. Bd3 Be7 7. O-O Nc6 8. c4 Nb4 9. Be2 O-O 10. Nc3 Bf5 11. a3 Nxc3 12. bxc3 Nc6 13. Be3 Re8 14. cxd5 Qxd5 15. c4 Qe4 16. Ra2 Rad8 17. Rd2 Bf6 18. h3 h6 19. Bd3 Qe6 20. d5 Qc8 21. Bxf5 Qxf5 22. dxc6 Rxd2 23. Qxd2 b6 24. Qd7 Qe6 25. Qxe6 Rxe6 26. c5 Rxc6 27. cxb6 cxb6 28. Rd1 Rc4 29. Rd3 Ra4 30. g4 Bb2 31. Rd8+ Kh7 32. Rd7 Kg8 33. Kg2 Rxa3 34. Nd2 Ra4 35. Rc7 Ba3 36. Rc8+ Kh7 37. Nc4 Bc5 38. Ne5 Bxe3 39. fxe3 Re4 40. Nxf7 Rxe3 41. Nd6 a5 42. Rc7 a4 43. Nf5 Rb3 44. Rxg7+ Kh8 45. Ra7 b5 46. Nd4 Rb2+ 47. Kg3 Rb4 48. Nc6 Rb3+ 49. Kh4 a3 50. Kh5 Rxh3+ 51. Kg6 Rg3 52. Ra8# 1-0


[Site "https://www.chess.com"]

[Event "Titled Tuesday Blitz July 18 Early 2023"]
[White "Wagh Suyog"]
[Black "Shapiro, Daniel"]
[WhiteFideId "25071688"]
[BlackFideId "2001780"]
[WhiteElo "2792"]
[BlackElo "2353"]
[Result "1-0"]
[Round "9"]
[TimeControl "180+2"]
[Date "2023.07.18"]
[WhiteClock "0:01:20"]
[BlackClock "0:00:09"]
[Board "73"]

1. e4 c5 2. Nf3 d6 3. d4 cxd4 4. Nxd4 Nf6 5. Nc3 Nc6 6. Bg5 Qb6 7. Nb3 e6 8. Bf4 Ne5 9. Bb5+ Bd7 10. Bxd7+ Nfxd7 11. Qe2 a6 12. O-O-O Be7 13. Be3 Qc7 14. Bd4 O-O 15. f4 Nc4 16. Kb1 Rac8 17. h4 b5 18. a3 Ndb6 19. e5 d5 20. g4 Bxa3 21. bxa3 Nxa3+ 22. Ka1 Nxc2+ 23. Qxc2 b4 24. Bxb6 Qxb6 25. Na4 Qb5 26. Nbc5 b3 27. Qc3 Rc6 28. Rb1 Qe2 29. Rxb3 Qxg4 30. Qd4 h6 31. h5 Qg2 32. Rg1 Qh2 33. Rbg3 Qxh5 34. Rxg7+ Kh8 35. Qd3 Qf5 36. Qxf5 exf5 37. Nd7 Rfc8 38. Nf6 Rxf6 39. exf6 1-0


[Site "https://www.chess.com"]

[Event "Titled Tuesday Blitz July 18 Early 2023"]
[White "vishwa_vijeta"]
[Black "Molina, Roberto Junio Brito"]
[BlackFideId "2109450"]
[WhiteElo "2489"]
[BlackElo "2858"]
[Result "0-1"]
[Round "9"]
[TimeControl "180+2"]
[Date "2023.07.18"]
[WhiteClock "0:00:07"]
[BlackClock "0:00:04"]
[Board "74"]

1. e4 e5 2. Nf3 Nc6 3. d4 exd4 4. Nxd4 Nf6 5. Nxc6 bxc6 6. e5 Qe7 7. Qe2 Nd5 8. h4 g6 9. c4 Ba6 10. Bg5 Qb4+ 11. Qd2 Bxc4 12. Qxb4 Bxb4+ 13. Bd2 Bxf1 14. Rxf1 Rb8 15. b3 O-O 16. Bxb4 Nxb4 17. Kd2 Rfe8 18. f4 d6 19. exd6 Rbd8 20. Kc3 Nd5+ 21. Kb2 Re2+ 22. Ka3 cxd6 23. g3 Rb8 24. Rd1 Rb6 25. Rd2 Re3 26. Kb2 Rxg3 27. Na3 Rb8 28. Nc4 Rd8 29. Rf1 Rg4 30. f5 Rxh4 31. fxg6 hxg6 32. Rdf2 Rd7 33. Re1 Kg7 34. Nd2 Rf4 35. Rfe2 Nf6 36. Nc4 d5 37. Ne5 Rc7 38. Rc2 c5 39. Nd3 Re4 40. Rec1 c4 41. Nf2 Rf4 42. Nd1 Rb7 43. Nc3 cxb3 44. axb3 Rfb4 45. Na2 Rxb3+ 46. Ka1 R3b6 47. Rd2 Rd6 48. Rd4 Re7 49. Kb2 Re4 50. Rd3 g5 51. Rg1 g4 52. Nc3 Rb4+ 53. Kc2 Rc4 54. Kd1 Kg6 55. Ne2 Kg5 56. Ng3 Re6 57. Rf1 Re5 58. Rg1 Rf4 59. Ne2 Rfe4 60. Nd4 Re3 61. Nf3+ Rxf3 62. Rxf3 Rf5 63. Rd3 Ne4 64. Rd4 f6 65. Ke2 Re5 66. Kf1 a5 67. Rg2 f5 68. Ra2 f4 69. Rxa5 Kh4 70. Raxd5 Ng3+ 71. Kf2 Re2+ 72. Kg1 f3 73. Rxg4+ Kxg4 74. Rg5+ Kf4 75. Rg4+ Ke3 76. Rxg3 Re1+ 77. Kh2 Kf2 78. Rg8 Re7 79. Rh8 Ke2 80. Kg3 f2 81. Rh2 Rg7+ 82. Kf4 Ke1 83. Ke3 f1=Q 84. Rd2 Qg1+ 0-1


[Site "https://www.chess.com"]

[Event "Titled Tuesday Blitz July 18 Early 2023"]
[White "Pakleza, Zbigniew"]
[Black "Tomaszewski, Kacper"]
[WhiteFideId "1119290"]
[BlackFideId "1127373"]
[WhiteElo "2774"]
[BlackElo "2485"]
[Result "0-1"]
[Round "9"]
[TimeControl "180+2"]
[Date "2023.07.18"]
[WhiteClock "0:00:02"]
[BlackClock "0:00:02"]
[Board "75"]

1. d3 d5 2. g3 Nf6 3. e3 g6 4. f3 Bg7 5. Ne2 O-O 6. c3 c5 7. Bg2 Nc6 8. h3 e5 9. b3 d4 10. cxd4 cxd4 11. e4 Nh5 12. O-O f5 13. Nd2 Nb4 14. Nc4 b5 15. Ba3 a5 16. Nd2 Rf7 17. Bxb4 axb4 18. exf5 gxf5 19. g4 Nf4 20. Nxf4 exf4 21. gxf5 Bxf5 22. Ne4 Ra6 23. Qd2 Rg6 24. Kh2 Be5 25. Rg1 Rfg7 26. Rae1 Qh4 27. Qf2 Rg3 28. Qf1 R7g6 29. Nf2 Bd6 30. Ng4 Bxg4 31. fxg4 R3xg4 32. Kh1 f3 33. Qxf3 Rg3 34. Qd5+ Kg7 35. Qf5 Rxg2 36. Rxg2 Qxe1+ 37. Rg1 Qxg1# 0-1


[Site "https://www.chess.com"]

[Event "Titled Tuesday Blitz July 18 Early 2023"]
[White "Rodriguez Fontecha, Marcos"]
[Black "djokovic74"]
[WhiteFideId "2256576"]
[WhiteElo "2477"]
[BlackElo "2730"]
[Result "0-1"]
[Round "9"]
[TimeControl "180+2"]
[Date "2023.07.18"]
[WhiteClock "0:00:27"]
[BlackClock "0:02:18"]
[Board "76"]

1. e4 e6 2. d4 d5 3. Nc3 Bb4 4. Ne2 dxe4 5. a3 Bxc3+ 6. Nxc3 Nf6 7. Bg5 h6 8. Bxf6 Qxf6 9. Nxe4 Qe7 10. Bd3 Nd7 11. Qe2 O-O 12. O-O-O a5 13. g4 a4 14. h4 f5 15. Nc3 fxg4 16. Qxg4 Nf6 17. Qg6 Qf7 18. Qg2 c6 19. Rhg1 Nd5 20. Nxd5 exd5 21. Kb1 b5 22. Rde1 Ra7 23. Re5 Qf6 24. f4 b4 25. axb4 a3 26. b3 a2+ 27. Ka1 Qxf4 28. Qg6 Qxd4+ 0-1


[Site "https://www.chess.com"]

[Event "Titled Tuesday Blitz July 18 Early 2023"]
[White "Goltsev, Dmitry"]
[Black "Sathish, Pranav"]
[WhiteFideId "24176710"]
[BlackFideId "30967538"]
[WhiteElo "2716"]
[BlackElo "2471"]
[Result "1-0"]
[Round "9"]
[TimeControl "180+2"]
[Date "2023.07.18"]
[WhiteClock "0:00:37"]
[BlackClock "0:01:15"]
[Board "77"]

1. e4 e5 2. Nf3 Nc6 3. Bb5 Nf6 4. O-O Nxe4 5. d4 Nd6 6. Bxc6 dxc6 7. dxe5 Nf5 8. Qxd8+ Kxd8 9. Rd1+ Ke8 10. Bg5 Be7 11. Nc3 h6 12. Bxe7 Nxe7 13. b3 Bd7 14. Nd4 g5 15. Ne4 Rd8 16. Nf6+ Kf8 17. c4 Ng8 18. Nxc6 bxc6 19. Nxd7+ Ke7 20. Nc5 h5 21. Rxd8 Kxd8 22. Rd1+ Kc8 23. e6 Nh6 24. exf7 Nxf7 25. Rd7 Rd8 26. Rxd8+ Kxd8 27. f3 Ke7 28. Kf2 Kd6 29. Ne4+ Ke5 30. Ke3 h4 31. Nxg5 Nxg5 32. f4+ Kf5 33. fxg5 Kxg5 34. Kf3 c5 35. g3 hxg3 36. Kxg3 a5 37. h4+ Kh5 38. Kh3 1-0


[Site "https://www.chess.com"]

[Event "Titled Tuesday Blitz July 18 Early 2023"]
[White "Alex_Sahakyan2006"]
[Black "WindWhistler11"]
[WhiteElo "2669"]
[BlackElo "2466"]
[Result "0-1"]
[Round "9"]
[TimeControl "180+2"]
[Date "2023.07.18"]
[WhiteClock "0:00:00"]
[BlackClock "0:01:08"]
[Board "78"]

1. e4 e6 2. d4 d5 3. exd5 exd5 4. Bd3 Nc6 5. c3 Nge7 6. Qf3 Be6 7. Ne2 Qd7 8. h3 O-O-O 9. Ng3 Kb8 10. O-O Ng6 11. b4 Nce7 12. Nd2 Nh4 13. Qh5 Neg6 14. Nb3 Bxh3 15. Bxg6 hxg6 16. Qxh8 Be7 17. Qh7 Bxg2 18. Qxh4 Bxh4 19. Kxg2 Qg4 20. Be3 f5 0-1


[Site "https://www.chess.com"]

[Event "Titled Tuesday Blitz July 18 Early 2023"]
[White "Martin Barcelo, Carles"]
[Black "Begmuratov, Alisher"]
[WhiteFideId "24561444"]
[BlackFideId "14203367"]
[WhiteElo "2462"]
[BlackElo "2651"]
[Result "1-0"]
[Round "9"]
[TimeControl "180+2"]
[Date "2023.07.18"]
[WhiteClock "0:01:13"]
[BlackClock "0:01:32"]
[Board "79"]

1. e4 c6 2. Nf3 d5 3. d3 Bg4 4. h3 Bxf3 5. Qxf3 e6 6. Nc3 Nd7 7. d4 dxe4 8. Nxe4 Ngf6 9. Bd3 Nxe4 10. Qxe4 Nf6 11. Qh4 Be7 12. Bg5 Nd5 13. Bxe7 Qxe7 14. Qxe7+ Kxe7 15. c3 Rad8 16. Be4 Rd6 17. O-O-O Rhd8 18. Rhe1 Nf6 19. Bf3 b6 20. Kc2 Nd5 21. Re5 f6 22. Re2 Kf7 23. Rde1 Nc7 24. h4 c5 25. dxc5 bxc5 26. g4 e5 27. Be4 g6 28. h5 Ne6 29. f3 Ng5 30. hxg6+ hxg6 31. Rh1 Kg7 32. Reh2 Kf7 33. a3 c4 34. Kc1 a5 35. Rh6 Nxe4 36. fxe4 Rd1+ 37. Rxd1 1-0


[Site "https://www.chess.com"]

[Event "Titled Tuesday Blitz July 18 Early 2023"]
[White "Begunov, Konstantin"]
[Black "Spata, German"]
[WhiteFideId "4118510"]
[BlackFideId "113026"]
[WhiteElo "2462"]
[BlackElo "2639"]
[Result "1-0"]
[Round "9"]
[TimeControl "180+2"]
[Date "2023.07.18"]
[WhiteClock "0:01:28"]
[BlackClock "0:02:12"]
[Board "80"]

1. d4 d5 2. c4 e6 3. Nc3 Nf6 4. cxd5 Nxd5 5. g3 c5 6. Bg2 Nxc3 7. bxc3 cxd4 8. cxd4 Bb4+ 9. Bd2 Qa5 10. Rb1 Bxd2+ 11. Qxd2 Qxd2+ 12. Kxd2 Nc6 13. Bxc6+ bxc6 14. Nf3 O-O 15. Rhc1 Bd7 16. Rb7 Rfd8 17. Ne5 Be8 18. e3 Rd6 19. Rc5 f6 20. Nc4 Rdd8 21. Ra5 e5 22. Kc3 exd4+ 23. exd4 Rd7 24. Rxd7 Bxd7 25. Nb6 Rd8 26. Rxa7 Be6 27. a4 h5 28. a5 Re8 29. Ra8 1-0


[Site "https://www.chess.com"]

[Event "Titled Tuesday Blitz July 18 Early 2023"]
[White "Galiot, Goran"]
[Black "Arnold, Ken"]
[WhiteFideId "931560"]
[BlackFideId "2056836"]
[WhiteElo "2630"]
[BlackElo "2454"]
[Result "1-0"]
[Round "9"]
[TimeControl "180+2"]
[Date "2023.07.18"]
[WhiteClock "0:01:03"]
[BlackClock "0:00:07"]
[Board "81"]

1. d4 Nf6 2. c4 g6 3. Nc3 d5 4. cxd5 Nxd5 5. e4 Nxc3 6. bxc3 Bg7 7. Nf3 O-O 8. Rb1 c5 9. Be2 Bg4 10. Rxb7 Bxf3 11. Bxf3 cxd4 12. cxd4 Nc6 13. d5 Nd4 14. O-O Qa5 15. Be3 Nxf3+ 16. Qxf3 Qxa2 17. Rxe7 a5 18. e5 a4 19. d6 a3 20. d7 Qb3 21. Bc5 Qxf3 22. gxf3 a2 23. Ra1 Rfb8 24. Rxa2 1-0


[Site "https://www.chess.com"]

[Event "Titled Tuesday Blitz July 18 Early 2023"]
[White "Tanmay Jain"]
[Black "Borgaonkar Akshay"]
[WhiteFideId "45015481"]
[BlackFideId "25639110"]
[WhiteElo "2451"]
[BlackElo "2616"]
[Result "1-0"]
[Round "9"]
[TimeControl "180+2"]
[Date "2023.07.18"]
[WhiteClock "0:00:12"]
[BlackClock "0:00:00"]
[Board "82"]

1. d4 Nf6 2. Nf3 g6 3. g3 Bg7 4. Bg2 O-O 5. O-O d6 6. c4 c6 7. Re1 Bf5 8. Nc3 Ne4 9. Nh4 Nxc3 10. bxc3 Bd7 11. e4 e5 12. d5 c5 13. Qd3 Qa5 14. Bd2 Na6 15. f4 Nc7 16. f5 a6 17. g4 b5 18. cxb5 axb5 19. g5 Qa4 20. f6 Bh8 21. Bh3 Bxh3 22. Qxh3 Qc2 23. Nf3 Rfd8 24. Re2 Rxa2 25. Rxa2 Qxa2 26. Qh6 b4 27. cxb4 cxb4 28. Rg2 b3 29. Rg3 b2 30. Rh3 b1=Q+ 31. Kg2 Qxd2+ 32. Nxd2 1-0


[Site "https://www.chess.com"]

[Event "Titled Tuesday Blitz July 18 Early 2023"]
[White "Namitbir Singh Walia"]
[Black "Onufrienko, Vladislav"]
[WhiteFideId "35071068"]
[BlackFideId "13804332"]
[WhiteElo "2452"]
[BlackElo "2610"]
[Result "0-1"]
[Round "9"]
[TimeControl "180+2"]
[Date "2023.07.18"]
[WhiteClock "0:00:09"]
[BlackClock "0:00:26"]
[Board "83"]

1. e4 Nf6 2. e5 Nd5 3. d4 d6 4. exd6 exd6 5. c4 Nb6 6. Nc3 Be7 7. Nf3 O-O 8. Be2 Bf5 9. O-O Nc6 10. b3 Bf6 11. Bb2 Re8 12. d5 Ne5 13. Nxe5 Bxe5 14. Bd3 Qf6 15. Bxf5 Qxf5 16. Rb1 Nd7 17. Nb5 Rec8 18. Bxe5 Nxe5 19. Qd4 a6 20. Nc3 Re8 21. Rbe1 h6 22. Re4 Qg6 23. f4 f5 24. Re2 Nd7 25. Rfe1 Nf6 26. Re6 Qf7 27. Qd3 Nd7 28. Rxe8+ Rxe8 29. Qd2 Nf6 30. Rxe8+ Qxe8 31. h3 Kh7 32. Kf2 Qh5 33. Qe2 Qh4+ 34. Kf3 Nh5 35. Qe3 Qg3+ 36. Ke2 Nxf4+ 37. Kd2 Qxg2+ 38. Kc1 Qxh3 39. Qxf4 Qxc3+ 40. Kb1 Qf6 41. a4 g5 42. Qe3 f4 43. Qe8 Qg6+ 44. Qxg6+ Kxg6 0-1


[Site "https://www.chess.com"]

[Event "Titled Tuesday Blitz July 18 Early 2023"]
[White "Devaev, Alexander"]
[Black "Golubev, Mikhail"]
[WhiteFideId "4169395"]
[BlackFideId "14100983"]
[WhiteElo "2445"]
[BlackElo "2597"]
[Result "1-0"]
[Round "9"]
[TimeControl "180+2"]
[Date "2023.07.18"]
[WhiteClock "0:00:15"]
[BlackClock "0:00:00"]
[Board "84"]

1. d4 Nf6 2. c4 g6 3. Nc3 Bg7 4. e4 d6 5. Nf3 O-O 6. h3 e5 7. d5 Nh5 8. Nh2 a5 9. g3 Na6 10. Be2 Nf6 11. Ng4 h5 12. Nxf6+ Qxf6 13. Be3 Qe7 14. g4 h4 15. Qd2 Nc5 16. Rg1 Bd7 17. O-O-O a4 18. Kb1 Kh7 19. Bg5 Bf6 20. Bh6 Rg8 21. Be3 b6 22. g5 Bg7 23. Bg4 Be8 24. f3 Rh8 25. Qf2 Kg8 26. Qd2 Rh7 27. Rdf1 Rb8 28. Qe2 Kh8 29. Rc1 Kg8 30. Kc2 Kh8 31. Kd2 f6 32. gxf6 Bxf6 33. Rg2 Bg5 34. Rcg1 Bf7 35. Kc2 Bf4 36. Be6 Bxe3 37. Qxe3 Bxe6 38. dxe6 Qxe6 39. Rxg6 Qxc4 40. Qg5 a3 41. Rh6 1-0


[Site "https://www.chess.com"]

[Event "Titled Tuesday Blitz July 18 Early 2023"]
[White "JonSnowNW1"]
[Black "Shukhman, Anna"]
[BlackFideId "54180058"]
[WhiteElo "2448"]
[BlackElo "2588"]
[Result "0-1"]
[Round "9"]
[TimeControl "180+2"]
[Date "2023.07.18"]
[WhiteClock "0:00:00"]
[BlackClock "0:00:02"]
[Board "85"]

1. c4 Nf6 2. Nc3 e5 3. g3 d5 4. cxd5 Nxd5 5. Bg2 Be6 6. Nf3 Nc6 7. O-O Be7 8. d4 exd4 9. Nxd4 Nxc3 10. bxc3 Bd5 11. e4 Bc4 12. Re1 O-O 13. Be3 Bf6 14. Qa4 Nxd4 15. cxd4 b5 16. Qd1 Rc8 17. e5 Be7 18. d5 Re8 19. Qd2 a5 20. a3 Qd7 21. Qxa5 Bxd5 22. Rad1 c6 23. Qc3 Qe6 24. Bc5 Rcd8 25. Bf1 Qf5 26. Bxe7 Rxe7 27. Bd3 Qe6 28. Be4 Red7 29. Rc1 h5 30. Bxd5 Rxd5 31. Qxc6 Rxe5 32. Qxe6 Rxe6 33. Rxe6 fxe6 34. Rc6 Kf7 35. Rb6 Rd5 36. Kg2 g5 37. Kf3 Kf6 38. Ke4 Rc5 39. f4 gxf4 40. gxf4 h4 41. Rb8 Rc4+ 42. Kf3 Rc3+ 43. Kg4 Rxa3 44. Rxb5 h3 45. Rh5 Ra2 46. Rxh3 Rg2+ 47. Rg3 Rxh2 48. Kf3 Ra2 49. Kg4 Ra4 50. Rh3 e5 51. Rf3 e4 52. Rb3 Ke6 53. Rb6+ Kd5 54. f5 Ra1 55. f6 Rf1 56. Kg5 e3 57. Kg6 e2 58. Rb5+ Kd4 59. Rb4+ Ke5 60. Rb8 e1=Q 0-1


[Site "https://www.chess.com"]

[Event "Titled Tuesday Blitz July 18 Early 2023"]
[White "Vlassov, Nikolai"]
[Black "Ai, Evan"]
[WhiteFideId "4103360"]
[BlackFideId "2094770"]
[WhiteElo "2575"]
[BlackElo "2444"]
[Result "1-0"]
[Round "9"]
[TimeControl "180+2"]
[Date "2023.07.18"]
[WhiteClock "0:00:07"]
[BlackClock "0:00:01"]
[Board "86"]

1. e4 e5 2. Bc4 Nf6 3. d3 Bc5 4. Nf3 d6 5. Bg5 h6 6. Bh4 g5 7. Bg3 c6 8. Bb3 a5 9. a4 Qe7 10. Nc3 Bg4 11. h3 Bh5 12. h4 g4 13. Nd2 Nbd7 14. Nf1 Bd4 15. Ne3 Bxe3 16. fxe3 Nc5 17. Ba2 Bg6 18. h5 Nxh5 19. Bh4 Qd7 20. Qe2 f6 21. O-O-O O-O-O 22. d4 Nxe4 23. Nxe4 Bxe4 24. dxe5 fxe5 25. Bxd8 Ng3 26. Qc4 Nxh1 27. Bh4 d5 28. Qc3 Qc7 29. Rxh1 Kb8 30. Bf6 Re8 31. Rxh6 Bxg2 32. Rh5 d4 33. Qc5 b6 34. Rxe5 Rxe5 35. Qxe5 dxe3 36. Qxe3 Kb7 37. Qe7 Bf3 38. Be6 Qxe7 39. Bxe7 g3 40. Bh4 g2 41. Bf2 b5 42. axb5 cxb5 43. Kd2 b4 44. Ke3 Bd1 45. Bf5 a4 46. c4 bxc3 47. bxc3 a3 48. Be6 Kc6 49. Ba2 Kb5 50. Bg1 Ka4 51. Kf2 Bb3 52. Bb1 Bd5 53. c4 Bxc4 54. Kxg2 Kb3 55. Bd4 Bd5+ 56. Kf2 Kc4 57. Ke3 Kb3 58. Kd2 a2 59. Bd3 Ka4 60. Bb2 Kb4 61. Bc2 Kc5 62. Kc3 Kd6 63. Ba1 Be6 64. Kd4 Bd5 65. Kc3 Kc6 66. Kb4 Kd6 67. Ba4 Ke6 68. Kc5 Be4 69. Bb3+ Kf5 70. Bxa2 Kf4 71. Kd4 Kf3 72. Bc3 Bb7 73. Bc4 Be4 74. Bb5 Bb7 75. Bd3 Kf4 76. Bd2+ Kf3 77. Ke5 Bc6 78. Bg5 Bb7 79. Bf5 Ke2 80. Kd4 Kf3 81. Bh6 Bc6 82. Be6 Be4 83. Bd7 Bb7 84. Be6 Be4 85. Bf7 Bf5 86. Bh5+ Kg3 87. Ke5 Kh4 88. Bf7 Bg4 89. Kf4 Kh3 90. Bg5 Bd7 91. Bd5 Bg4 92. Be4 Bd7 93. Kf3 Bg4+ 94. Kf2 Bd7 95. Bf3 Be6 96. Bf6 Bd7 97. Ke3 Kg3 98. Be5+ Kh4 99. Kf4 Kh3 100. Bd4 Bc8 101. Bf2 Bd7 102. Bd5 Bc8 103. Bc6 Be6 104. Bg3 Bg4 105. Bb5 Bf3 106. Bd3 Bg2 107. Bf5# 1-0


[Site "https://www.chess.com"]

[Event "Titled Tuesday Blitz July 18 Early 2023"]
[White "Ganiev, Roman"]
[Black "Chernyavsky, Alexander"]
[WhiteFideId "4131452"]
[BlackFideId "24131156"]
[WhiteElo "2551"]
[BlackElo "2444"]
[Result "1/2-1/2"]
[Round "9"]
[TimeControl "180+2"]
[Date "2023.07.18"]
[WhiteClock "0:02:01"]
[BlackClock "0:02:21"]
[Board "87"]

1. e4 e6 2. d4 d5 3. Nc3 Bb4 4. e5 c5 5. a3 Bxc3+ 6. bxc3 Ne7 7. Qg4 cxd4 8. Qxg7 Rg8 9. Qxh7 Qc7 10. Ne2 Nbc6 11. f4 dxc3 12. Qd3 d4 13. Nxd4 Nxd4 14. Qxd4 Bd7 15. Rg1 Nf5 16. Qf2 Qc6 17. Bd3 Qd5 18. Be3 Nxe3 19. Qxe3 Rxg2 20. Rxg2 Qxg2 21. Be4 Qxh2 22. O-O-O Bc6 23. Bxc6+ bxc6 24. Rg1 Qd2+ 25. Qxd2 cxd2+ 26. Kxd2 1/2-1/2


[Site "https://www.chess.com"]

[Event "Titled Tuesday Blitz July 18 Early 2023"]
[White "Vivas Zamora, Fabian Ernesto"]
[Black "Ezat, Mohamed"]
[WhiteFideId "3902480"]
[BlackFideId "10600906"]
[WhiteElo "2429"]
[BlackElo "2548"]
[Result "1-0"]
[Round "9"]
[TimeControl "180+2"]
[Date "2023.07.18"]
[WhiteClock "0:00:17"]
[BlackClock "0:00:06"]
[Board "88"]

1. e4 e5 2. Nf3 Nc6 3. Bc4 Nf6 4. d3 Bc5 5. O-O O-O 6. c3 d6 7. a4 a6 8. h3 Ne7 9. Re1 Ng6 10. d4 Ba7 11. Nbd2 exd4 12. cxd4 d5 13. exd5 Nxd5 14. Ne4 h6 15. Nc5 c6 16. Ne5 Ngf4 17. Bxf4 Nxf4 18. Nxf7 Rxf7 19. Bxf7+ Kxf7 20. Qf3 Qf6 21. Ne4 Qh4 22. g3 Qxh3 23. Qxf4+ Kg8 24. Nf6+ gxf6 25. Re8+ Kg7 26. Rae1 Be6 27. R8xe6 Rf8 28. Re7+ Kh8 29. Rxb7 Bxd4 30. Qxd4 Qf5 31. Qf4 Qxf4 32. gxf4 Rg8+ 33. Kf1 Rd8 34. Ree7 Rd4 35. Rh7+ Kg8 36. Rbg7+ Kf8 37. Ra7 Kg8 38. Rxh6 Kf8 39. Rxf6+ Ke8 40. Rxc6 Kd8 41. Rh6 Rxf4 42. Rh8+ Rf8 43. Rxf8# 1-0


[Site "https://www.chess.com"]

[Event "Titled Tuesday Blitz July 18 Early 2023"]
[White "AyMitecK"]
[Black "Karthik, Advaith"]
[BlackFideId "30946050"]
[WhiteElo "2530"]
[BlackElo "2441"]
[Result "0-1"]
[Round "9"]
[TimeControl "180+2"]
[Date "2023.07.18"]
[WhiteClock "0:00:00"]
[BlackClock "0:00:26"]
[Board "89"]

1. e4 c5 2. Nf3 Nc6 3. Bb5 g6 4. O-O Bg7 5. Re1 e5 6. d3 Nge7 7. Nc3 h6 8. Nd5 O-O 9. Be3 d6 10. Qd2 Kh7 11. h3 Be6 12. Bxc6 bxc6 13. Nc3 f5 14. exf5 Nxf5 15. Qe2 Nd4 16. Bxd4 cxd4 17. Ne4 Qe7 18. Ng3 Rae8 19. c3 dxc3 20. bxc3 Qf7 21. Ne4 Qc7 22. Rab1 Rf4 23. Ng3 Ref8 24. Ne4 Kh8 25. Kh2 Qe7 26. Ng3 Bd5 27. Ne4 Qd7 28. Rf1 Rxf3 29. gxf3 Rf4 30. Rg1 Kh7 31. Rg3 Be6 32. Rbg1 Bf5 33. Qe3 Rh4 0-1


[Site "https://www.chess.com"]

[Event "Titled Tuesday Blitz July 18 Early 2023"]
[White "Rosh Jain"]
[Black "Der_Balak_3Halak"]
[WhiteFideId "25789465"]
[WhiteElo "2428"]
[BlackElo "2529"]
[Result "1-0"]
[Round "9"]
[TimeControl "180+2"]
[Date "2023.07.18"]
[WhiteClock "0:01:05"]
[BlackClock "0:00:02"]
[Board "90"]

1. e4 e5 2. Nf3 Nc6 3. Bb5 Nf6 4. O-O Nxe4 5. Re1 Nd6 6. Nxe5 Nxe5 7. Rxe5+ Be7 8. Nc3 Nxb5 9. Nd5 c6 10. Nxe7 Kf8 11. Re1 d5 12. Qf3 Be6 13. Nf5 Qd7 14. Ng3 Re8 15. h3 h5 16. c3 Bg4 17. Rxe8+ Qxe8 18. hxg4 Qe1+ 19. Nf1 hxg4 20. Qe3 Qd1 21. b3 Nd6 22. Ba3 Qxa1 23. Bxd6+ Kg8 24. Qe8+ Kh7 25. Qxf7 Rg8 26. Qh5# 1-0


[Site "https://www.chess.com"]

[Event "Titled Tuesday Blitz July 18 Early 2023"]
[White "Garakov, Mikhael"]
[Black "Harriott, Tyrell"]
[WhiteFideId "4169034"]
[BlackFideId "2086484"]
[WhiteElo "2524"]
[BlackElo "2426"]
[Result "1-0"]
[Round "9"]
[TimeControl "180+2"]
[Date "2023.07.18"]
[WhiteClock "0:00:23"]
[BlackClock "0:00:06"]
[Board "91"]

1. e4 d5 2. exd5 Nf6 3. Nf3 Qxd5 4. Nc3 Qh5 5. Be2 Bg4 6. h3 Nc6 7. d3 O-O-O 8. Be3 e5 9. Rg1 Bxf3 10. Bxf3 Qg6 11. Bxc6 bxc6 12. Qf3 Nd5 13. Bd2 f5 14. g4 f4 15. Ne4 Be7 16. O-O-O Kd7 17. a3 Rb8 18. c4 Nb6 19. Bc3 Qe6 20. Rge1 Na4 21. d4 Qxc4 22. Nc5+ Bxc5 23. dxc5+ Kc8 24. Re4 Qa2 25. Rxa4 Qb3 26. Qxc6 Rb7 27. Qd7+ Kb8 28. Qd8+ 1-0


[Site "https://www.chess.com"]

[Event "Titled Tuesday Blitz July 18 Early 2023"]
[White "Sreyas Payyappat"]
[Black "Manukian, Artak"]
[WhiteFideId "46674969"]
[BlackFideId "13301373"]
[WhiteElo "2521"]
[BlackElo "2420"]
[Result "1/2-1/2"]
[Round "9"]
[TimeControl "180+2"]
[Date "2023.07.18"]
[WhiteClock "0:00:41"]
[BlackClock "0:00:07"]
[Board "92"]

1. e4 c6 2. d4 d5 3. Nc3 dxe4 4. Nxe4 Nf6 5. Nxf6+ exf6 6. Bc4 Bd6 7. Qe2+ Qe7 8. Qxe7+ Kxe7 9. Ne2 Be6 10. Bd3 Nd7 11. Bf4 Nb6 12. O-O-O Nd5 13. Bxd6+ Kxd6 14. a3 b5 15. Rhe1 h5 16. Ng3 g6 17. Ne4+ Kc7 18. Nc5 Rhe8 19. Nxe6+ Rxe6 20. Rxe6 fxe6 21. Bxg6 h4 22. g3 hxg3 23. hxg3 Rh8 24. Be4 Rh2 25. Bxd5 cxd5 26. Rf1 e5 27. dxe5 fxe5 28. Kd2 e4 29. Ke3 Kd6 30. a4 b4 31. c3 bxc3 32. bxc3 Ke5 33. Rb1 Rh6 34. Rb5 Rc6 35. Kd2 a6 36. Rb7 Rf6 37. Ke2 Rc6 38. Rb3 Rc4 39. Ra3 a5 40. Ke3 Kf5 41. f3 exf3 42. Kxf3 Kg5 43. Rb3 Kf5 44. Rb5 Rxc3+ 45. Kg2 Ke4 46. Rxa5 d4 47. Ra8 Rc2+ 48. Kf1 d3 49. Ke1 Ke3 50. Re8+ Kd4 51. a5 Ra2 52. Ra8 Ke3 53. Re8+ Kd4 54. Ra8 Ke3 55. Re8+ Kd4 1/2-1/2


[Site "https://www.chess.com"]

[Event "Titled Tuesday Blitz July 18 Early 2023"]
[White "Turzo, Attila"]
[Black "Gabdushev, Ruslan"]
[WhiteFideId "704954"]
[BlackFideId "4137833"]
[WhiteElo "2519"]
[BlackElo "2420"]
[Result "0-1"]
[Round "9"]
[TimeControl "180+2"]
[Date "2023.07.18"]
[WhiteClock "0:00:04"]
[BlackClock "0:00:18"]
[Board "93"]

1. d4 c6 2. c4 d6 3. Nf3 h6 4. g3 g5 5. Bg2 Bg7 6. Nc3 Qb6 7. h3 g4 8. hxg4 Bxg4 9. e3 Nd7 10. Qb3 Ngf6 11. Bd2 Qa6 12. Nh2 Be6 13. Bf1 Qb6 14. Qxb6 axb6 15. e4 Nf8 16. f4 Ng4 17. f5 Nxh2 18. Rxh2 Bd7 19. Be3 Nh7 20. Be2 Nf6 21. Kd2 Ra5 22. Rah1 b5 23. cxb5 cxb5 24. a3 Bc6 25. d5 Bd7 26. Bxh6 Bxh6+ 27. Rxh6 Rg8 28. Rh8 Kf8 29. Rxg8+ Kxg8 30. g4 Nh7 31. Ke3 f6 32. Kd2 Ng5 33. Kc2 Ra8 34. Kd3 Rc8 35. Ke3 Kg7 36. Rh2 Rc5 37. Bd3 Nf7 38. b4 Rxc3 39. Kd4 Rxa3 40. Rc2 Ne5 41. Be2 Rb3 42. Rc7 Rxb4+ 43. Ke3 Rb3+ 44. Kf4 Rb2 45. Bd1 b4 46. Rxb7 Rd2 47. Bb3 Rd3 48. g5 0-1


[Site "https://www.chess.com"]

[Event "Titled Tuesday Blitz July 18 Early 2023"]
[White "Philippe, Guillaume"]
[Black "ArturoCaceres"]
[WhiteFideId "36048763"]
[WhiteElo "2518"]
[BlackElo "2407"]
[Result "1-0"]
[Round "9"]
[TimeControl "180+2"]
[Date "2023.07.18"]
[WhiteClock "0:00:33"]
[BlackClock "0:00:04"]
[Board "94"]

1. e4 a6 2. d4 b5 3. Bd3 Bb7 4. Qe2 e6 5. c3 Ne7 6. Nf3 d5 7. e5 Nd7 8. O-O c5 9. Bf4 c4 10. Bc2 a5 11. Nbd2 h6 12. a3 Nb6 13. Rfe1 Kd7 14. Nf1 g5 15. Bg3 Bg7 16. h3 Kc6 17. N3h2 Bc8 18. Qh5 Qg8 19. Ne3 Bd7 20. Nhg4 a4 21. Nf6 Qf8 22. Neg4 Kb7 23. Re3 Nf5 24. Rf3 Bxf6 25. Nxf6 Nxg3 26. fxg3 Bc6 27. Nxd5 Bxd5 28. Rxf7+ Qxf7 29. Qxf7+ Ka6 30. Rf1 Rad8 31. Kh2 Rd7 32. Qf6 Rdd8 33. Bg6 Nd7 34. Qe7 Nb6 35. Rf7 Rd7 36. Qf6 Rg8 37. Rxd7 Nxd7 38. Qf7 Rf8 39. Qxd7 Rf2 40. Qd6+ Ka7 41. Kh1 Rf1+ 42. Kh2 Rf2 43. Kg1 Rxg2+ 44. Kf1 Rxb2 45. Qe7+ Kb8 46. Bf7 Be4 47. Qd6+ Ka7 48. Bxe6 Rb1+ 49. Ke2 Bd3+ 50. Kf2 Rf1+ 51. Kg2 Rc1 52. Qc7+ 1-0


[Site "https://www.chess.com"]